Map: World of Sleepers LE

Players

Clem - Winner!

  • Race: Terran Terran
  • Spawn Location: 1:00

JonSnow

  • Race: Zerg Zerg
  • Spawn Location: 7:00

VOD

Have the link to the VOD?

Description

Time

  • Played on: Sept. 6, 2019, 1:05 p.m.
  • Length: 10:35
Show
View Real Time Build Order
Export as new Build Order

Clem Terran - Winner!

Build Orders: Gas First Reaper Expand, Liberator Opening 

Get SALT Encoding   

  12  0:01  SCV  
  13  0:13  SCV  
  14  0:17  Supply Depot  
  14  0:25  SCV  
  14  0:28  Refinery  
  15  0:39  SCV  
  16  0:44  Barracks  
  16  0:51  SCV  
  17  1:03  SCV  
  18  1:15  SCV  
  19  1:30  Orbital Command  
  19  1:31  Reaper  
  20  1:42  Command Center  
  20  1:53  Factory  
  20  1:58  SCV  
  21  2:06  Barracks Reactor  
  21  2:11  SCV, Supply Depot  
  22  2:18  Refinery  
  22  2:23  SCV  
  23  2:35  SCV  
  24  2:42  Starport  
  24  2:46  Hellion  
  24  2:47  SCV, Hellion  
  29  2:51  Marine  
  29  2:58  Orbital Command  
  30  3:00  SCV  
  30  3:05  Liberator  
  31  3:08  Hellion  
  31  3:12  Hellion  
  35  3:15  SCV  
  36  3:24  SCV  
  40  3:33  SCV  
  41  3:34  Supply Depot  
  41  3:36  SCV  
  41  3:38  Hellion  
  42  3:45  Barracks Tech Lab  
  42  3:46  SCV  
  40  3:49  SCV  
  41  3:57  Hellion  
  41  3:58  SCV, Supply Depot  
  41  4:00  Hellion  
  46  4:03  Stimpack  
  46  4:04  SCV  
  46  4:06  Marine  
  48  4:10  SCV  
  48  4:13  Starport Reactor  
  49  4:17  SCV  
  49  4:22  SCV, Supply Depot  
  51  4:29  Marine, Command Center  
  51  4:30  SCV  
  51  4:31  Factory Tech Lab  
  53  4:40  Barracks  
  53  4:45  SCV, Barracks  
  54  4:47  Marine  
  54  4:49  SCV  
  56  4:57  SCV  
  57  5:00  Engineering Bay x2  
  57  5:01  SCV  
  57  5:04  Siege Tank  
  57  5:07  Starport Reactor  
  57  5:08  Marine  
  57  5:09  SCV  
  57  5:13  SCV, Supply Depot  
  60  5:21  SCV, Refinery  
  60  5:23  Refinery  
  60  5:25  SCV  
  62  5:29  Marine x2  
  62  5:30  Terran Infantry Weapons Level 1  
  62  5:31  Terran Infantry Armor Level 1  
  62  5:33  SCV  
  66  5:41  Orbital Command  
  66  5:42  Marine x2  
  68  5:45  Medivac  
  68  5:46  Marine  
  68  5:47  Marine, Medivac  
  68  5:48  Marine  
  74  5:52  SCV  
  74  5:56  SCV  
  76  6:00  Marine x2  
  76  6:01  Supply Depot  
  76  6:02  Orbital Command  
  76  6:04  Marine, Siege Tank  
  76  6:05  Marine  
  76  6:06  Marine, SCV  
  79  6:12  Barracks, Combat Shield  
  79  6:16  Barracks  
  79  6:19  SCV  
  79  6:20  SCV  
  79  6:21  Supply Depot  
  79  6:23  Marine  
  79  6:24  Marine  
  83  6:30  Armory  
  83  6:31  SCV  
  83  6:32  Supply Depot  
  84  6:34  Marine x3  
  84  6:37  SCV x2  
  89  6:40  Siege Tank  
  89  6:43  SCV  
  89  6:45  Marine  
  94  6:48  Marine, Supply Depot  
  94  6:49  SCV x2  
  97  6:55  Marine, Factory, SCV  
  97  6:59  Marine  
  97  7:01  Marine, SCV  
  101  7:06  Barracks Reactor  
  101  7:07  Marine x2  
  101  7:08  SCV  
  101  7:10  Medivac  
  101  7:11  Medivac  
  101  7:12  Siege Tank  
  101  7:14  SCV  
  109  7:15  Marine, Unknown  
  109  7:20  SCV x2  
  112  7:23  Supply Depot x2  
  112  7:26  Terran Infantry Weapons Level 2  
  112  7:29  Marine, Barracks Reactor  
  112  7:30  Marine x2  
  112  7:32  SCV  
  112  7:34  SCV x2  
  118  7:39  Marine x2  
  120  7:45  Marine x2, SCV  
  120  7:46  SCV x2, Supply Depot  
  120  7:47  Marine x2  
  120  7:48  Marine  
  120  7:50  Terran Infantry Armor Level 2  
  127  7:57  Marine x2  
  129  7:59  Drilling Claws  
  129  8:01  Widow Mine  
  129  8:03  Marine x2  
  129  8:05  Supply Depot, Factory Reactor  
  133  8:06  Marine x3, Terran Vehicle And Ship Armor Level 1  
  136  8:13  Command Center  
  136  8:17  Marine x2  
  136  8:19  Marine x2  
  140  8:21  Marine  
  140  8:23  Widow Mine  
  140  8:24  Supply Depot  
  140  8:27  Marine  
  140  8:28  Marine x2  
  140  8:29  Medivac x2  
  145  8:36  Marine  
  145  8:41  Marine x2  
  145  8:43  Marine x2  
  145  8:44  Widow Mine  
  145  8:45  Marine, Supply Depot  
  145  8:46  Marine  
  145  8:47  Widow Mine x2  
  151  8:49  Marine  
  151  8:50  Marine  
  151  8:54  Marine  
  153  8:59  Marine x2  
  153  9:00  Marine x2  
  157  9:03  Marine  
  157  9:04  Marine  
  157  9:05  Widow Mine  
  157  9:06  Barracks x3  
  157  9:07  Marine  
  157  9:08  Marine  
  163  9:11  Supply Depot  
  163  9:12  Marine, Supply Depot  
  160  9:20  Marine, Widow Mine  
  160  9:21  Marine x2  
  165  9:24  SCV x3  
  165  9:26  Marauder  
  165  9:27  Supply Depot  
  169  9:31  Medivac  
  169  9:36  Sensor Tower  
  169  9:38  Widow Mine  
  173  9:42  Marine  
  172  9:47  Marauder, Sensor Tower  
  172  9:48  Marine  
  172  9:49  Marine x6  
  181  10:00  Widow Mine  
  183  10:11  Marine  
  183  10:12  Widow Mine  
  183  10:14  Marine x4  
  180  10:15  Marine  
  178  10:27  Barracks Tech Lab x2  
  147  10:30  Command Center  
Show
View Real Time Build Order
Export as new Build Order

JonSnow Zerg 

Build Orders: Hatch First 

Get SALT Encoding   

  12  0:01  Drone  
  13  0:14  Overlord  
  13  0:16  Drone  
  14  0:32  Drone x2  
  16  0:49  Hatchery  
  15  0:52  Drone  
  15  0:56  Drone  
  17  0:58  Drone  
  18  1:10  Extractor  
  17  1:13  Spawning Pool  
  17  1:18  Drone  
  17  1:21  Drone  
  18  1:30  Drone  
  19  1:40  Drone  
  20  1:51  Overlord  
  20  2:00  Queen x2  
  24  2:01  Zergling x2  
  25  2:09  Zergling x2  
  25  2:13  Metabolic Boost  
  27  2:15  Drone x2  
  28  2:35  Hatchery  
  28  2:36  Drone  
  27  2:41  Drone x2  
  29  2:48  Queen  
  29  2:50  Drone  
  32  2:54  Pneumatized Carapace  
  32  2:59  Drone  
  32  3:00  Drone  
  32  3:04  Overlord  
  33  3:20  Overlord  
  33  3:23  Zergling x4  
  33  3:24  Queen  
  37  3:32  Drone  
  37  3:35  Drone x2  
  37  3:37  Drone x2  
  38  3:44  Drone  
  38  3:45  Drone  
  38  3:47  Drone  
  39  3:49  Drone x3  
  39  3:52  Drone  
  43  3:56  Zergling x2  
  43  3:58  Drone  
  45  4:04  Queen  
  47  4:12  Spore Crawler  
  47  4:14  Zergling x4  
  47  4:15  Queen  
  50  4:21  Spore Crawler, Drone x2  
  51  4:24  Drone  
  51  4:25  Drone  
  51  4:30  Drone x3  
  56  4:32  Drone  
  56  4:37  Drone  
  58  4:40  Overlord  
  58  4:47  Drone, Evolution Chamber  
  58  4:49  Evolution Chamber  
  58  4:52  Zergling x8  
  57  4:58  Drone x2  
  50  5:05  Drone x2  
  50  5:09  Drone x2  
  50  5:10  Drone  
  50  5:11  Drone  
  53  5:15  Drone  
  53  5:16  Drone x3  
  53  5:19  Drone  
  53  5:20  Drone  
  57  5:23  Drone  
  57  5:28  Zerg Melee Weapons Level 1  
  58  5:29  Drone  
  58  5:31  Drone  
  61  5:35  Drone  
  61  5:36  Zerg Ground Armor Level 1  
  61  5:38  Drone  
  61  5:42  Drone  
  63  5:44  Drone x2  
  63  5:46  Drone  
  63  5:47  Overlord  
  63  5:48  Overlord  
  66  5:55  Overlord  
  66  5:57  Extractor  
  66  5:58  Extractor  
  63  6:05  Drone x7  
  63  6:08  Drone x2  
  63  6:09  Lair  
  72  6:14  Drone x3  
  72  6:15  Drone  
  72  6:16  Drone  
  72  6:18  Unknown, Drone x2  
  78  6:27  Extractor  
  78  6:28  Drone  
  78  6:30  Baneling Nest  
  78  6:31  Overlord  
  77  6:33  Drone x2  
  77  6:34  Drone  
  77  6:38  Hatchery  
  79  6:43  Zergling x14  
  86  6:48  Zergling x6  
  90  6:54  Zergling x6  
  92  7:05  Zergling x10  
  85  7:10  Drone x3  
  85  7:15  Drone x2  
  89  7:18  Centrifical Hooks  
  89  7:19  Hydralisk Den  
  89  7:20  Baneling x2  
  89  7:21  Overlord, Baneling x2  
  89  7:22  Overlord, Baneling  
  88  7:34  Drone  
  88  7:35  Drone x2  
  91  7:38  Drone x3  
  91  7:39  Drone x3  
  91  7:43  Zergling x6  
  94  7:50  Hydralisk x3  
  97  7:53  Muscular Augments  
  97  7:55  Hatchery  
  96  7:59  Hydralisk  
  96  8:00  Hydralisk x4  
  96  8:02  Zergling x2  
  96  8:03  Baneling x2  
  96  8:04  Baneling x2  
  107  8:06  Zerg Melee Weapons Level 2, Drone  
  108  8:14  Zerg Ground Armor Level 2  
  108  8:15  Zergling x12  
  108  8:18  Zergling x2  
  114  8:28  Zergling x12  
  114  8:32  Drone x2  
  116  8:39  Drone x5  
  115  8:45  Infestation Pit  
  115  8:47  Queen  
  115  8:48  Drone x4  
  118  8:49  Drone  
  119  8:55  Drone x2  
  119  8:57  Overlord  
  119  9:03  Zergling x4  
  119  9:06  Baneling x3  
  118  9:12  Zergling x16, Extractor  
  118  9:13  Extractor  
  124  9:17  Zergling x2  
  124  9:18  Zergling x8  
  124  9:22  Grooved Spines  
  129  9:24  Zergling x8  
  129  9:31  Overlord x2  
  129  9:36  Spire  
  127  9:47  Overlord  
  127  9:52  Baneling x4  
  127  9:53  Drone x3  
  127  9:54  Zergling x20  
  127  9:55  Zergling x4  
  127  9:59  Baneling x11  
  141  10:06  Baneling x19  
  142  10:07  Zergling x14  
  146  10:14  Zergling x8  
Tags
 
Add a new tag
Caveats
  • Supply blocks, unpowered buildings, or Contaminate may cause inaccurate times.
  • Supply counts are checked every 10 seconds.